 Dungeon Sprint DCSS version 0.19-a0-1889-g9c603be (webtiles) character file.

33727 poirepourri the Ninja (level 13, 0/65 HPs)
             Began as a Spriggan Enchanter on Oct 17, 2016.
             Was the Champion of Dithmenos.
             Killed by vampiric draining
             ... invoked by a vampire knight
              (25 damage)
             ... in the Dungeon (Sprint III: "The Ten Rune Challenge").
             The game lasted 00:19:51 (4786 turns).

poirepourri the Ninja (Spriggan Enchanter)          Turns: 4786, Time: 00:19:52

Health: 0/65       AC:  6    Str:  6    XL:     13   Next: 38%
Magic:  6/38       EV: 30    Int: 16    God:    Dithmenos [******]
Gold:   3825       SH:  2    Dex: 24    Spells: 7 memorised, 33 levels left

rFire  . . .     SeeInvis +     D - +6 rapier "Evitt" {pain, Dex+2 Stlth+}
rCold  . . .     Gourm    .     b - +1 robe
rNeg   . . .     Faith    .     (shield restricted)
rPois  .         Spirit   .     u - +0 hat
rElec  .         Reflect  +     l - +2 cloak
rCorr  .         Harm     .     (gloves unavailable)
MR     ++...     NoTele   +     (boots unavailable)
Stlth  ++++++++++               w - +2 amulet of reflection
                                (no ring)
                                B - +2 ring of strength

@: very slightly contaminated, wreathed by umbra, very quick
A: unfitting armour, see invisible, herbivore 3, speed 3, slow metabolism 2
a: Shadow Step, Shadow Form, Renounce Religion


You were in the Dungeon.
You worshipped Dithmenos.
Dithmenos was exalted by your worship.
You were not hungry.

You visited 1 branch You collected 4081 gold pieces.
You spent 256 gold pieces at shops.

Inventory:

Hand Weapons
 a - a +1 dagger
 D - the +6 rapier "Evitt" (weapon) {pain, Dex+2 Stlth+}
   (You found it in the Dungeon)

   In the hands of one skilled in necromantic magic, it inflicts extra damage on
   living creatures.
   It affects your dexterity (+2).
   It makes you more stealthy.
Armour
 b - a +1 robe (worn)
 l - a +2 cloak (worn)
 u - a +0 hat (worn)
 E - +2 gold dragon scales
Jewellery
 w - a +2 amulet of reflection (around neck)
 B - a +2 ring of strength (left hand)
 C - an uncursed amulet of harm {unknown}
Wands
 t - a wand of digging (0/24)
 y - a wand of confusion (17/48)
 A - a wand of acid (4/15)
Scrolls
 m - 4 scrolls of remove curse
Potions
 e - a potion of lignification {unknown}
 g - 4 potions of haste
 h - 3 potions of magic
 i - 3 potions of berserk rage
 k - 3 potions of mutation
 n - 2 potions of cure mutation
 o - 2 potions of flight {unknown}
 q - 2 potions of might
 r - 2 potions of beneficial mutation {unknown}
 x - a potion of curing
 z - a potion of cancellation {unknown}
Books
 c - a book of Maledictions

   Spells                             Type                      Level
   a - Corona                         Hexes                        1
   b - Ensorcelled Hibernation        Hexes/Ice                    2
   c - Confuse                        Hexes                        3
   d - Tukima's Dance                 Hexes                        3
   e - Dazzling Spray                 Conjuration/Hexes            3
 p - a book of Cantrips

   Spells                             Type                      Level
   a - Confusing Touch                Hexes                        1
   b - Animate Skeleton               Necromancy                   1
   c - Summon Small Mammal            Summoning                    1
   d - Apportation                    Translocation                1
 F - a book of Dreams

   Spells                             Type                      Level
   a - Ensorcelled Hibernation        Hexes/Ice                    2
   b - Silence                        Hexes/Air                    5
   c - Darkness                       Hexes                        6
   d - Shadow Creatures               Summoning                    6
Comestibles
 d - 2 bread rations
 s - 25 royal jellies
 v - 9 fruits


   Skills:
 + Level 6.2 Fighting
 + Level 11.6 Short Blades
 + Level 11.3 Dodging
 O Level 27 Stealth
 + Level 20.3 Spellcasting
 + Level 3.7 Conjurations
 + Level 18.9 Hexes
 - Level 6.4 Ice Magic
 + Level 4.4 Invocations
 + Level 2.3 Evocations


You had 33 spell levels left.
You knew the following spells:

 Your Spells              Type           Power        Failure   Level  Hunger
a - Corona                Hex            ######.      0%          1    None
b - Ensorcelled Hibernat  Hex/Ice        ######       1%          2    None
c - Confuse               Hex            ######..     0%          3    None
d - Tukima's Dance        Hex            ######..     0%          3    None
e - Dazzling Spray        Conj/Hex       ######       1%          3    None
f - Confusing Touch       Hex            ######       0%          1    None
g - Darkness              Hex            ######....   1%          6    #####..


Dungeon Overview and Level Annotations

Branches:
Dungeon (1/1)

Altars:
Cheibriados
Dithmenos
Elyvilon
Fedhas
Gozag
Hepliaklqana
Kikubaaqudgha
Makhleb
Nemelex Xobeh
Okawaru
Qazlal
Ru
Sif Muna
Trog
Uskayaw
Vehumet
Xom
Yredelemnul
Zin
The Shining One
Beogh
Jiyva
Lugonu

Shops:
D (

Annotations:
D Chuck


Innate Abilities, Weirdness & Mutations

You are very small and have problems with some larger weapons.
You are too small for most types of armour.
You have supernaturally acute eyesight. (SInv)
You are a herbivore.
You cover ground extremely quickly.
You need consume almost no food.


Message History

Aim: a vampire knight, wielding a broad axe and wearing a plate armour (black smoke, heavily damaged, fast, slightly transparent, umbra)
The spray of energy hits the vampire knight.
The vampire knight is heavily damaged.
Your shadow mimicks your spell!
The shadow shard misses the vampire knight.
The vampire knight barely misses you. The vampire knight misses you.
There is an open door here.
Really walk into that bolt trap?
Okay, then.
Casting: Dazzling Spray
Confirm with . or Enter, or press ? or * to list all spells.
Aiming: Dazzling Spray
Press: ? - help, Shift-Dir - straight line, f/p - vampire knight
Aim: a vampire knight, wielding a broad axe and wearing a plate armour (heavily damaged, fast, slightly transparent, umbra)
The spray of energy hits the vampire knight.
The vampire knight is heavily damaged.
Your shadow mimicks your spell!
The shadow shard hits the vampire knight.
The vampire knight is infused with unholy energy.
You die...

#..)..#.#†.#.....§#
#.#)#.'.#..#.....§#
#..#..#.#..#...§§^#
#)....###########§#
####### #§# #.#
#+#+#+#+#+#+#+#'#
....^.....^..^V^#
......^.....^^@^#
#+#+#+#+#+#+#'#+#
#.# ▓▓▓


You could see a vampire knight (invisible).

Vanquished Creatures
  Rupert (D)
  Gastronok (D)
  Harold (D)
  2 dire elephants (D)
  A fire dragon (D)
  Erolcha (D)
  A yaktaur captain (D)
  2 hydras (D)
  A centaur warrior (D)
  4 dancing weapons (D)
  4 death yaks (D)
  Urug (D)
  A shock serpent (shapeshifter) (D)
  A spriggan druid (D)
  A death drake (D)
  A lindwurm (D)
  Joseph (D)
  An obsidian statue (D)
  A mana viper (shapeshifter) (D)
  An orc knight (D)
  A deep elf mage (D)
  4 ugly things (D)
  2 elephants (D)
  2 black mambas (D)
  2 spiny frogs (D)
  A rime drake (D)
  A komodo dragon (D)
  A queen bee (D)
  2 tyrant leeches (D)
  3 wandering mushrooms (D)
  4 spriggan defenders (D)
  2 orc high priests (D)
  8 blink frogs (D)
  A snapping turtle (D)
  2 slime creatures (D)
  A shadow (D)
  5 redbacks (D)
  2 spriggans (D)
  2 hill giants (D)
  A spatial vortex (D)
  A swamp drake (D)
  3 orc warriors (D)
  2 black mamba simulacra (D)
  A necrophage (D)
  3 two-headed ogres (D)
  A water elemental (D)
  32 killer bees (D)
  Crazy Yiuf (D)
  5 orc priests (D)
  A jelly (D)
  3 orc wizards (D)
  A wizard (D)
  A necromancer (D)
  A polar bear simulacrum (D)
  A wolf simulacrum (D)
  3 humans (D)
  A kobold demonologist (D)
  2 oozes (D)
  8 orcs (D)
  2 rats (D)
148 creatures vanquished.

Vanquished Creatures (others)
  2 draconian scorchers (D)
  3 yaktaurs (D)
  6 hellions (D)
  An electric eel (D)
  7 plants (D)
19 creatures vanquished.

Grand Total: 167 creatures vanquished

Notes
Turn   | Place    | Note
-------+----------+-------------------------------------------
     0 | D        | poirepourri the Spriggan Enchanter began the quest for the Orb.
     0 | D        | Reached XP level 1. HP: 9/9 MP: 5/5
    11 | D        | Reached skill level 5 in Stealth
    13 | D        | Reached skill level 6 in Stealth
    13 | D        | Reached XP level 2. HP: 13/13 MP: 7/7
    27 | D        | Learned a level 2 spell: Ensorcelled Hibernation
   118 | D        | Killed a yaktaur
   120 | D        | Killed a hellion
   121 | D        | Killed a hellion
   122 | D        | Killed a hellion
   122 | D        | Killed a hellion
   171 | D        | Noticed Crazy Yiuf
   174 | D        | Killed Crazy Yiuf
   174 | D        | Reached skill level 7 in Stealth
   174 | D        | Reached XP level 3. HP: 16/16 MP: 7/9
   192 | D        | Reached skill level 8 in Stealth
   208 | D        | Killed a white draconian scorcher
   250 | D        | Killed a hellion
   255 | D        | Killed a hellion
   268 | D        | Killed a white draconian scorcher
   303 | D        | Learned a level 3 spell: Confuse
   307 | D        | Learned a level 3 spell: Tukima's Dance
   469 | D        | Noticed a water elemental
   471 | D        | Killed a water elemental
   471 | D        | Reached skill level 5 in Dodging
   471 | D        | Reached skill level 9 in Stealth
   471 | D        | Reached XP level 4. HP: 21/21 MP: 9/11
   493 | D        | Learned a level 3 spell: Dazzling Spray
   493 | D        | Found a radiant altar of Vehumet.
   493 | D        | Found a deep blue altar of Sif Muna.
   493 | D        | Found an ancient bone altar of Kikubaaqudgha.
   493 | D        | Noticed a wizard
   495 | D        | Killed a wizard
   495 | D        | Reached skill level 10 in Stealth
   495 | D        | Reached skill level 5 in Spellcasting
   495 | D        | Reached skill level 1 in Ice Magic
   495 | D        | Reached XP level 5. HP: 24/24 MP: 11/13
   506 | D        | Noticed a ynoxinul
   507 | D        | Noticed a sixfirhy
   599 | D        | Found a glowing silver altar of Zin.
   599 | D        | Found a glowing golden altar of the Shining One.
   599 | D        | Found a white marble altar of Elyvilon.
   600 | D        | Noticed a deep elf mage
   602 | D        | Killed a deep elf mage
   602 | D        | Reached skill level 1 in Fighting
   602 | D        | Reached skill level 5 in Short Blades
   602 | D        | Reached skill level 13 in Stealth
   602 | D        | Reached XP level 6. HP: 30/30 MP: 13/17
   602 | D        | Reached XP level 7. HP: 33/33 MP: 14/19
   634 | D        | Found a hide-covered altar of Uskayaw.
   634 | D        | Found a roughly hewn altar of Beogh.
   634 | D        | Found an iron altar of Okawaru.
   634 | D        | Found a bloodstained altar of Trog.
   634 | D        | Noticed a human
   635 | D        | Noticed a human
   637 | D        | Killed a human
   637 | D        | Reached skill level 14 in Stealth
   637 | D        | Reached skill level 10 in Hexes
   638 | D        | Killed a human
   638 | D        | Reached skill level 15 in Stealth
   654 | D        | Found a basalt altar of Yredelemnul.
   654 | D        | Found a shadowy altar of Dithmenos.
   654 | D        | Found a sacrificial altar of Ru.
   692 | D        | Noticed a shadow
   701 | D        | Killed a shadow
   701 | D        | Reached XP level 8. HP: 37/37 MP: 19/22
   719 | D        | Found a blossoming altar of Fedhas.
   719 | D        | Found a stormy altar of Qazlal.
   719 | D        | Found a snail-covered altar of Cheibriados.
   719 | D        | Found a burning altar of Makhleb.
   719 | D        | Found a shimmering altar of Xom.
   720 | D        | Found a hazy altar of Hepliaklqana.
   720 | D        | Found an opulent altar of Gozag.
   720 | D        | Found a sparkling altar of Nemelex Xobeh.
   720 | D        | Found a corrupted altar of Lugonu.
   720 | D        | Found a viscous altar of Jiyva.
   738 | D        | Became a worshipper of Dithmenos the Shadowed
   883 | D        | Reached skill level 16 in Stealth
   888 | D        | Reached * piety under Dithmenos
  1012 | D        | Reached skill level 10 in Spellcasting
  1016 | D        | Noticed Erolcha
  1018 | D        | Killed Erolcha
  1018 | D        | Reached ** piety under Dithmenos
  1018 | D        | Reached skill level 18 in Stealth
  1018 | D        | Reached skill level 1 in Conjurations
  1018 | D        | Reached XP level 9. HP: 42/42 MP: 22/25
  1042 | D        | Reached *** piety under Dithmenos
  1042 | D        | Reached skill level 19 in Stealth
  1102 | D        | Noticed a wandering mushroom
  1107 | D        | Noticed a wandering mushroom
  1109 | D        | Noticed a wandering mushroom
  1114 | D        | Killed a wandering mushroom
  1130 | D        | Killed a wandering mushroom
  1242 | D        | Noticed a queen bee
  1247 | D        | Killed a queen bee
  1247 | D        | Reached **** piety under Dithmenos
  1247 | D        | Reached skill level 20 in Stealth
  1413 | D        | Reached ***** piety under Dithmenos
  1508 | D        | Reached XP level 10. HP: 37/47 MP: 27/27
  1570 | D        | Reached ****** piety under Dithmenos
  1887 | D        | Reached skill level 5 in Ice Magic
  1907 | D        | Reached skill level 21 in Stealth
  2068 | D        | Noticed Harold
  2068 | D        | Noticed Joseph
  2072 | D        | Killed Harold
  2072 | D        | Reached skill level 22 in Stealth
  2073 | D        | Killed Joseph
  2203 | D        | Learned a level 1 spell: Confusing Touch
  2204 | D        | Noticed an orc high priest
  2206 | D        | Noticed an orc knight
  2213 | D        | Killed an orc high priest
  2213 | D        | Reached XP level 11. HP: 52/52 MP: 23/30
  2235 | D        | Killed an orc knight
  2235 | D        | Reached skill level 23 in Stealth
  2541 | D        | Found Nulagh's Antique Weapon Shop.
  2553 | D        | Bought a glowing dagger for 256 gold pieces
  2746 | D        | Reached skill level 15 in Spellcasting
  2748 | D        | Reached skill level 24 in Stealth
  2761 | D        | Reached skill level 10 in Dodging
  2887 | D        | Noticed Rupert
  2901 | D        | Noticed an azure jelly
  2901 | D        | Noticed an azure jelly
  2901 | D        | Noticed an azure jelly
  2901 | D        | Noticed an azure jelly
  2906 | D        | Killed Rupert
  2906 | D        | Reached skill level 25 in Stealth
  2984 | D        | Noticed a dire elephant
  2984 | D        | Noticed a dire elephant
  2984 | D        | Noticed Gastronok
  2986 | D        | Killed Gastronok
  2986 | D        | Reached skill level 15 in Hexes
  2987 | D        | Killed a dire elephant
  2987 | D        | Reached skill level 10 in Short Blades
  3002 | D        | Killed a dire elephant
  3002 | D        | Reached skill level 26 in Stealth
  3002 | D        | Reached XP level 12. HP: 43/58 MP: 25/33
  3154 | D        | Noticed a death yak
  3155 | D        | Noticed a death yak
  3157 | D        | Noticed a death yak
  3157 | D        | Noticed a death yak
  3158 | D        | Killed a death yak
  3159 | D        | Killed a death yak
  3159 | D        | Reached skill level 1 in Invocations
  3162 | D        | Killed a death yak
  3165 | D        | Killed a death yak
  3165 | D        | Reached skill level 27 in Stealth
  3242 | D        | Noticed a kraken
  3456 | D        | Noticed Urug
  3458 | D        | Killed Urug
  3461 | D        | Noticed an eight-headed hydra
  3461 | D        | Noticed a seven-headed hydra
  3475 | D        | Killed a seven-headed hydra
  3478 | D        | Killed an eight-headed hydra
  3587 | D        | Found a blossoming altar of Fedhas.
  3591 | D        | Reached skill level 5 in Fighting
  3643 | D        | Got a scorched rapier
  3651 | D        | Identified the +6 rapier "Evitt" {pain, Dex+2 Stlth+} (You found it in the Dungeon)
  3960 | D        | Noticed a yaktaur captain
  3965 | D        | Reached XP level 13. HP: 64/64 MP: 32/37
  3966 | D        | Reached skill level 1 in Evocations
  4294 | D        | Noticed Chuck
  4431 | D        | Learned a level 6 spell: Darkness
  4439 | D        | Noticed a fire dragon
  4446 | D        | Killed a fire dragon
  4759 | D        | Noticed a vampire knight
  4786 | D        | Killed from afar by a vampire knight

Vault maps used:
D:        dungeon_sprint_mu

Skill      XL: |  1  2  3  4  5  6  7  8  9 10 11 12 13 |
---------------+----------------------------------------+-----
Stealth        | 6 7 9 10 13 15 18 20 22 26 27 | 27.0
Spellcasting   | 3 4 5 7 9 11 12 14 16 19 20 | 20.3
Hexes          | 4 6 7 9 10 11 12 13 15 17 18 | 18.9
Dodging        | 4 5 7 8 9 10 11 | 11.3
Short Blades   | 2 5 6 7 8 10 11 | 11.6
Ice Magic      | 1 2 3 4 6 |  6.4
Fighting       | 1 2 3 5 6 |  6.2
Conjurations   | 1 2 3 |  3.7
Invocations    | 3 4 |  4.4
Evocations     | 2 |  2.3

Action                   |  1- 3 |  4- 6 |  7- 9 | 10-12 | 13-15 || total
-------------------------+-------+-------+-------+-------+-------++-------
Melee: Dagger            |    22 |     5 |    45 |   141 |       ||   213
       Rapier            |       |       |       |    11 |    27 ||    38
 Cast: Ensorcelled Hiber |     3 |     4 |    19 |    91 |     6 ||   123
       Corona            |     1 |       |       |       |       ||     1
       Confuse           |       |       |    12 |     2 |       ||    14
       Dazzling Spray    |       |       |     7 |    15 |    21 ||    43
       Darkness          |       |       |       |       |     2 ||     2
Invok: Shadow Step       |       |       |       |     9 |       ||     9
Evoke: Wand              |       |       |       |     3 |       ||     3
  Use: Scroll            |     3 |       |       |     3 |     1 ||     7
       Potion            |       |       |     2 |     1 |     2 ||     5
 Stab: Sleeping          |     5 |     3 |    20 |    85 |    11 ||   124
       Confused          |       |       |     3 |     1 |       ||     4
       Distracted        |       |       |     1 |       |       ||     1
       Invisible         |       |       |       |     2 |       ||     2
  Eat: Bread ration      |       |       |       |     1 |       ||     1
Armor: Robe              |       |       |     4 |     1 |       ||     5
Dodge: Dodged            |    15 |    10 |    68 |    95 |    23 ||   211
Block: Other             |       |       |       |       |     2 ||     2
